 Dungeon Crawl Stone Soup version 0.21.1-1-g345015fe64 (webtiles) character file.

1296 Mrkan the Grappler (level 8, -10/83 HPs)
             Began as a Troll Monk on May 10, 2018.
             Was a Follower of Ru.
             Killed by divine providence
             ... invoked by an orc priest
              (15 damage)
             ... on level 6 of the Dungeon.
             The game lasted 00:13:37 (4465 turns).

Mrkan the Grappler (Troll Monk)                     Turns: 4465, Time: 00:13:37

Health: -10/83     AC:  6    Str: 20    XL:     8   Next: 31%
Magic:  7/7        EV: 10    Int:  6    God:    Ru [*.....]
Gold:   339        SH:  0    Dex: 14    Spells: 7/7 levels left

rFire    . . .     SeeInvis .     - Unarmed
rCold    . . .     Gourm    +   (no shield)
rNeg     . . .     Faith    .   a - +1 robe
rPois    .         Spirit   .   (helmet restricted)
rElec    .         Reflect  .   (no cloak)
rCorr    .         Harm     .   (gloves unavailable)
MR       .....                  (boots unavailable)
Stlth    ++........             (no amulet)
HPRegen  0.63/turn              (no ring)
MPRegen  0.10/turn              (no ring)

@: lethally poisoned (-10 -> -10)
A: large, unfitting armour, claws 3, fast metabolism 3, gourmand, regeneration
1, shaggy fur 1, tough skin 2, no necromancy magic, no poison magic, no
summoning magic
a: Renounce Religion


You were on level 6 of the Dungeon.
You worshipped Ru.
Ru was aware of your devotion.
You were completely stuffed.

You visited 1 branch of the dungeon, and saw 6 of its levels.

You collected 339 gold pieces.

Inventory:

Armour
 a - a +1 robe (worn)
Jewellery
 f - a +3 amulet of reflection {unknown}
 h - a cursed ring of loudness
 l - an uncursed amulet of guardian spirit {unknown}
 q - an uncursed ring of wizardry {unknown}
 A - an uncursed amulet of guardian spirit {unknown}
Wands
 u - a wand of polymorph (9)
Scrolls
 e - 4 scrolls of identify
 g - 2 scrolls of enchant weapon
 m - a scroll of fog {unknown}
 o - 2 scrolls of teleportation
 r - a scroll of blinking {unknown}
 s - a scroll of remove curse
 x - a scroll of amnesia {unknown}
 y - a scroll of random uselessness {unknown}
Potions
 c - 3 potions of curing {unknown}
 d - a potion of degeneration {unknown}
 i - a potion of magic {unknown}
 j - 3 potions of mutation {unknown}
 k - 2 potions of brilliance {unknown}
 n - 3 potions of might {unknown}
 p - a potion of lignification {unknown}
 t - a potion of flight {unknown}
 v - a potion of agility {unknown}
 z - a potion of heal wounds {unknown}
Books
 w - a book of Changes

   Spells                             Type                      Level
   a - Beastly Appendage              Transmutation                1
   b - Sticks to Snakes               Transmutation                2
   c - Spider Form                    Transmutation/Poison         3
   d - Ice Form                       Ice/Transmutation            4
   e - Blade Hands                    Transmutation                5
Comestibles
 b - 13 rations
 B - 2 chunks of flesh


   Skills:
 * Level 6.2 Fighting
 - Level 2.4 Dodging
 - Level 1.0 Stealth
 - Level 8.0 Unarmed Combat


You had 7 spell levels left.
You didn't know any spells.

Dungeon Overview and Level Annotations

Branches:
Dungeon (6/15)
 Temple: D:4-7

Altars:
Gozag
Hepliaklqana
Makhleb
Qazlal
Ru
Uskayaw
Xom
Zin


Innate Abilities, Weirdness & Mutations

You are too large for most types of armour.
You have claws for hands.
Your metabolism is lightning-fast.
You like to eat raw meat.
Your natural rate of healing is unusually fast.
You are covered in fur. (AC +1)
You have very tough skin. (AC +2)
You cannot study or cast Necromancy magic.
You cannot study or cast Poison magic.
You cannot study or cast Summoning magic.


Message History

You are poisoned.
The worker ant poisons you!
You scratch the worker ant but do no damage.
You feel sick. The iguana bites you! The worker ant bites you.
* * * LOW HITPOINT WARNING * * *
You completely miss the worker ant.
You hear the slow rusting of a very distant drain.
The worker ant barely misses you. The iguana barely misses you.
The orc priest calls down the wrath of Beogh upon you.
Pain shoots through your body!
* * * LOW HITPOINT WARNING * * *
You mangle the worker ant!!
You kill the worker ant!
You feel sick.
The iguana bites you but does no damage.
The orc priest hits you with a vampiric hand axe.
* * * LOW HITPOINT WARNING * * *
The orc priest invokes the aid of Beogh against you.
Beogh smites you!
You die...

#. #.# #.# .######.#
....%...#######.
................
.........#......
.......l@..#
#.........###
#......o#..)#
.......o....###
#......o###...# #######.#
#.#.#### .
........###.#..[.#### ..
#######.............##..#
........##...............


You could see an orc warrior, an iguana and 2 orc priests.

Vanquished Creatures
  Menkaure (D:6)
  The ghost of faram the Shield-Bearer, an amateur GrFi (D:4)
  A phantom (D:4)
  A sky beast (D:4)
  2 ogres
  2 scorpions (D:4)
  A centaur zombie (D:5)
  A jelly (D:5)
  2 hounds (D:4)
  An orc wizard (D:3)
  A centaur skeleton (D:4)
  An iguana (D:5)
  5 worker ants
  A howler monkey zombie (D:6)
  6 adders
  11 gnolls
  2 shadow imps (D:5)
  2 oozes
  An adder zombie (D:5)
  A worm (D:3)
  2 dart slugs
  2 leopard geckos (D:1)
  10 orcs
  10 bats
  5 giant cockroaches
  5 goblins
  8 hobgoblins
  4 jackals
  5 kobolds
  5 quokkas
  2 ball pythons
  3 frilled lizards
  A quokka skeleton (D:4)
  2 rats
108 creatures vanquished.

Vanquished Creatures (others)
  14 fungi (D:5)
14 creatures vanquished.

Grand Total: 122 creatures vanquished

Notes
Turn   | Place    | Note
-------+----------+-------------------------------------------
     0 | D:1      | Mrkan the Troll Monk began the quest for the Orb.
     0 | D:1      | Reached XP level 1. HP: 22/22 MP: 0/0
   217 | D:1      | Reached XP level 2. HP: 24/29 MP: 1/1
   819 | D:2      | Reached skill level 4 in Unarmed Combat
   964 | D:2      | Found a glowing silver altar of Zin.
  1031 | D:2      | Found a hide-covered altar of Uskayaw.
  1038 | D:2      | Reached XP level 3. HP: 12/36 MP: 2/2
  1084 | D:2      | HP: 1/36 [gnoll/halberd of freezing (1)]
  1421 | D:2      | Reached XP level 4. HP: 42/44 MP: 3/3
  1549 | D:3      | Reached skill level 5 in Unarmed Combat
  1744 | D:3      | HP: 1/44 [gnoll/spear (8)]
  1752 | D:3      | HP: 2/44 [gnoll/spear (3)]
  1886 | D:3      | Reached XP level 5. HP: 39/50 MP: 4/4
  1900 | D:3      | Reached skill level 6 in Unarmed Combat
  2035 | D:3      | Found an opulent altar of Gozag.
  2399 | D:4      | Noticed faram's ghost (amateur GrFi)
  2405 | D:4      | Killed faram's ghost
  2405 | D:4      | Reached skill level 7 in Unarmed Combat
  2405 | D:4      | Reached XP level 6. HP: 29/59 MP: 5/5
  2627 | D:4      | Noticed a sky beast
  2631 | D:4      | Killed a sky beast
  2673 | D:4      | Reached skill level 8 in Unarmed Combat
  2673 | D:4      | Reached XP level 7. HP: 66/66 MP: 6/6
  3351 | D:4      | Found a burning altar of Makhleb.
  3493 | D:5      | Entered Level 5 of the Dungeon
  3718 | D:5      | Found a sacrificial altar of Ru.
  3728 | D:5      | Became a worshipper of Ru the Awakened
  3745 | D:5      | Reached skill level 5 in Fighting
  3769 | D:5      | Gained mutation: You cannot study or cast Poison magic. [Ru sacrifice]
  3769 | D:5      | Gained mutation: You cannot study or cast Necromancy magic. [Ru sacrifice]
  3769 | D:5      | Gained mutation: You cannot study or cast Summoning magic. [Ru sacrifice]
  3769 | D:5      | Reached * piety under Ru
  4077 | D:5      | Found a hazy altar of Hepliaklqana.
  4080 | D:5      | Found a shimmering altar of Xom.
  4080 | D:5      | Noticed a hungry ghost
  4081 | D:5      | Noticed a spectral ugly thing
  4081 | D:5      | Noticed a hungry ghost
  4129 | D:5      | Found a stormy altar of Qazlal.
  4313 | D:6      | Reached XP level 8. HP: 80/80 MP: 7/7
  4368 | D:6      | Noticed Menkaure
  4376 | D:6      | Killed Menkaure
  4464 | D:6      | HP: 4/83 [orc priest/vampiric hand axe (6)]
  4465 | D:6      | Killed from afar by an orc priest

Skill      XL: |  1  2  3  4  5  6  7  8 |
---------------+-------------------------+-----
Unarmed Combat | 4 5 7 8 |  8.0
Fighting       | 5 6 |  6.2
Dodging        | |  2.4
Stealth        | |  1.0

Action                   |  1- 3 |  4- 6 |  7- 9 || total
-------------------------+-------+-------+-------++-------
Melee: Unarmed           |    81 |   107 |   123 ||   311
       Punch             |       |     2 |     1 ||     3
Invok: Sacrifice Arcana  |       |       |     1 ||     1
  Use: Scroll            |       |     7 |       ||     7
 Stab: Sleeping          |     3 |       |     1 ||     4
  Eat: Chunk             |    17 |    13 |    16 ||    46
Armor: Robe              |    41 |    56 |    38 ||   135
Dodge: Dodged            |    59 |   102 |    47 ||   208
